 Dungeon Crawl Stone Soup version 0.16.1-28-gcc2312f (webtiles) character file.

270 sqallbeste the Covert (level 6, -3/41 HPs)
             Began as an Octopode Assassin on May 29, 2015.
             Was an Initiate of Ru.
             Slain by Pikel
             ... wielding a +2 whip of freezing
              (12 damage)
             ... on level 4 of the Dungeon.
             The game lasted 00:12:36 (2431 turns).

sqallbeste the Covert (Octopode Assassin)           Turns: 2431, Time: 00:12:37

Health: -3/41      AC:  3    Str: 12    XL:     6   Next: 22%
Magic:  6/6        EV: 12    Int: 12    God:    Ru [......]
Gold:   99         SH:  0    Dex: 15    Spells: 0 memorised, 5 levels left

rFire  + . .     SeeInvis .     q - +2 dagger (venom)
rCold  + + .     Clarity  +     (no shield)
rNeg   . . .     SustAb   .     (helmet restricted)
rPois  +         Gourm    .     i - amulet of clarity
rElec  +         Spirit   .     j - +2 ring of protection
rCorr  +         Warding  .     h - ring of flight
rMut   .         Stasis   .     l - ring of poison resistance
MR     .....                    (no ring)
Stlth  ++++++....               (no ring)
                                (no ring)
                                (no ring)
                                (no ring)

@: resistant, not resistant to hostile enchantments, very stealthy
A: almost no armour, amphibious, 8 rings, constrict 8, camouflage 1, cold
resistance 1, dopey 1, strong 1, gelatinous body 1
a: Renounce Religion, Evoke Flight


You were on level 4 of the Dungeon.
You worshipped Ru.
Ru was noncommittal.
You were not hungry.

You visited 2 branches of the dungeon, and saw 5 of its levels.

You collected 99 gold pieces.

Inventory:

Hand weapons
 a - a +3 dagger
 b - a +0 blowgun
 d - a cursed -3 battleaxe
 k - a cursed -2 falchion
 n - a +1 short sword of holy wrath
 q - a +2 dagger of venom (weapon)
Missiles
 e - 7 poisoned needles (quivered)
 f - 2 curare-tipped needles
Armour
 s - a +0 helmet
Jewellery
 h - a ring of flight (right tentacle)
 i - an amulet of clarity (around mantle)
 j - a +2 ring of protection (left tentacle)
 l - a ring of poison resistance (on tentacle)
Scrolls
 m - 3 scrolls of remove curse
Potions
 o - a potion of magic
 p - 2 potions of heal wounds
 r - a potion of curing
Comestibles
 c - 5 fruits
 g - 2 bread rations


   Skills:
 + Level 2.8 Fighting
 + Level 2.5 Short Blades
 - Level 2.0 Throwing
 - Level 1.4 Dodging
 * Level 9.3 Stealth


You had 5 spell levels left.
You didn't know any spells.

Dungeon Overview and Level Annotations

Branches:
Dungeon (4/15)             Temple (1/1) D:4

Altars:
Ashenzari
Cheibriados
Dithmenos
Elyvilon
Fedhas
Gozag
Kikubaaqudgha
Makhleb
Nemelex Xobeh
Okawaru
Qazlal
Ru
Trog
Vehumet
Xom
Yredelemnul
Zin
The Shining One

Annotations:
D:4 Pikel


Innate Abilities, Weirdness & Mutations

You cannot wear most types of armour.
You are amphibious.
You can wear up to eight rings at the same time.
You can use your tentacles to constrict many enemies at once.
Your skin changes colour to match your surroundings (Stealth).
Your rubbery body absorbs attacks (AC +1).
Your flesh is cold resistant.
You are dopey. (Int -2)
Your muscles are strong. (Str +2)


Message History

The bat completely misses you.
You hit Pikel but do no damage.
Pikel looks even sicker.
Your grab misses Pikel.
Pikel is moderately wounded.
Pikel hits you with a whip of freezing.
You hit Pikel but do no damage. You grab Pikel.
Pikel is moderately wounded.
You constrict Pikel, but do no damage. Pikel misses you.
You hit Pikel.
Pikel is heavily wounded.
You constrict Pikel, but do no damage. Pikel hits you with a whip of freezing.
* * * LOW HITPOINT WARNING * * *
You hit Pikel but do no damage.
Pikel is heavily wounded.
You constrict Pikel, but do no damage. Pikel hits you with a whip of freezing.
* * * LOW HITPOINT WARNING * * *
You hit Pikel but do no damage.
Pikel is heavily wounded.
You constrict Pikel. Pikel hits you with a whip of freezing!
You die...

#.# .# ########.# .#
#......#.# .# #......#.#
.# ##......#.##.#######
..'......'.........>#####
#......#.##...........#
######.....######.###(#
#@#.#......#.# #.#
#K#.#......#.# #.#
#p#.#.######.###.#
#p#.#......#.....#
#p#.####.....#####
#.#.##.......'..#
#.#)##.#....)##.#
#.#.##.#.######.#
#.#.##.#.######.#


You could see Pikel and 3 slaves.

Vanquished Creatures
  A slave (D:4)
  2 hounds (D:2)
  A worker ant (D:4)
  Ijyb (D:2)
  Jessica (D:3)
  A gnoll (D:2)
  7 adders
  2 worms
  A giant mite (D:2)
  An adder skeleton (D:4)
  An orc (D:2)
  4 giant cockroaches
  6 goblins
  3 hobgoblins
  A ball python (D:3)
  8 bats
  4 giant geckos
  3 giant newts
  9 kobolds
  6 rats
63 creatures vanquished.

Notes
Turn   | Place    | Note
--------------------------------------------------------------
     0 | D:1      | sqallbeste, the Octopode Assassin, began the quest for the Orb.
     0 | D:1      | Reached XP level 1. HP: 14/14 MP: 1/1
   208 | D:1      | Reached XP level 2. HP: 19/19 MP: 2/2
   458 | D:2      | Reached skill level 6 in Stealth
   522 | D:2      | Reached skill level 7 in Stealth
   522 | D:2      | Reached XP level 3. HP: 22/24 MP: 3/3
   532 | D:2      | Reached XP level 4. HP: 12/30 MP: 4/4
   786 | D:2      | Noticed Ijyb
   815 | D:2      | Killed Ijyb
   815 | D:2      | Reached XP level 5. HP: 26/35 MP: 5/5
   834 | D:2      | Reached skill level 8 in Stealth
  1335 | D:3      | Noticed Jessica
  1345 | D:3      | Killed Jessica
  1728 | D:3      | Reached skill level 9 in Stealth
  1728 | D:3      | Reached XP level 6. HP: 39/41 MP: 6/6
  1897 | D:3      | Gained mutation: You are dopey. (Int -2) [potion of mutation]
  1897 | D:3      | Gained mutation: Your muscles are strong. (Str +2) [potion of mutation]
  1897 | D:3      | Gained mutation: Your flesh is cold resistant. [potion of mutation]
  2031 | D:4      | Found a staircase to the Ecumenical Temple.
  2061 | Temple   | Entered the Ecumenical Temple
  2112 | Temple   | Became a worshipper of Ru the Awakened
  2414 | D:4      | Noticed Pikel
  2431 | D:4      | Slain by Pikel

Action                   |  1- 3 |  4- 6 || total
-------------------------+-------+-------++-------
Melee: Dagger            |    42 |   111 ||   153
  Use: Scroll            |     1 |     5 ||     6
       Potion            |       |     7 ||     7
 Stab: Sleeping          |     6 |    14 ||    20
  Eat: Bread ration      |       |     1 ||     1
       Fruit             |       |     1 ||     1
       Beef jerky        |       |     1 ||     1
